[Event "Polish Youth G16 Championship 2023"]
[Site "Jastrzebia Gora"]
[Date "2023.03.14"]
[Round "4.5"]
[White "Zielinska, Aleksandra"]
[Black "Siekanska, Maria"]
[Result "0-1"]
[ECO "B54"]
[WhiteElo "1613"]
[BlackElo "1996"]
[Annotator "TA"]
[PlyCount "110"]
[EventDate "2023.03.11"]
[EventType "swiss"]
[EventCountry "POL"]
[SourceTitle "playchess.com"]
[Source "ChessBase"]
[SourceQuality "1"]
[TimeControl "40/5400+30:1800+30"]

1. e4 c5 2. Nf3 d6 3. d4 cxd4 4. Nxd4 Nf6 5. f3 a6 6. c4 e6 7. Nc3 Be7 8. Be3 O-O 9. Qd2 Qc7 10. Be2 Nbd7 11. O-O b6 12. Rfc1 Bb7 13. b4 {B41: Sicilian: Kan Variation: 5 c4.} Rac8 14. a3 Qb8 15. Na4 {White is slightly better.} Rfe8 16. Nb3 Bd8 17. Bf4 Bc7 {[#]} 18. Rd1 $146 ({Predecessor:} 18. c5 dxc5 19. Bxc7 Rxc7 20. bxc5 Nxc5 21. Naxc5 bxc5 22. Rxc5 Bxe4 23. Rxc7 Qxc7 24. fxe4 {½-½ Kumar,N (2115)-Nandhidhaa,P (2365) PNWCC Online Masters WOO rapid 2020 (4.30)}) 18... d5 19. Bxc7 Rxc7 20. exd5 exd5 21. c5 b5 (21... bxc5 $14 22. Naxc5 Nxc5 23. Nxc5 Qa7) 22. Nc3 $16 Ne5 23. Nd4 Nc4 24. Bxc4 dxc4 25. Nf5 $1 g6 26. Qh6 Nh5 {[%cal Bf6h5,Bh5g7,Bg7e6][%mdl 32] Prevents Qg7+.} 27. Nd6 Rd8 28. Qg5 Rcd7 29. g4 ({White should play} 29. Ra2 $18) 29... Ng7 $1 $14 30. Nxb7 {[%mdl 64] Pin. A dynamic duo of knights.} (30. Kg2 $5 ) 30... Ne6 31. Qe3 $2 {[%mdl 8192] [#]} ({Reject} 31. Rxd7 Rxd7 32. Qf6 Qxb7 $11) (31. Qxd8+ $1 $14 {keeps the upper hand.} Rxd8 32. Nxd8 Nxd8 33. Rd6) 31... Qxb7 $2 (31... Rd3 $1 $19 32. Qe1 Qxb7) 32. Rxd7 $11 Rxd7 33. Rd1 {Repels Rd3} Rxd1+ 34. Nxd1 {[%mdl 4096] Endgame KQN-KQN} Qd7 $36 {[%mdl 2048] Black has some pressure.} 35. Nf2 Qd4 36. Qxd4 Nxd4 {KN-KN} 37. Kg2 Kf8 {White must now prevent ...Nc2.} 38. Ne4 $2 {[#]} (38. Nd1 $1 $11) 38... Nc2 $1 $19 39. c6 $2 (39. Kf2) 39... Ke7 40. Nc5 $2 (40. h4 Nxa3 41. h5) 40... Kd6 (40... Nxa3 $2 41. c7 (41. Nxa6 c3 $17) 41... h6 42. c8=Q $18) 41. Kf2 Nxa3 42. Nxa6 Kxc6 {...Nc2 is the strong threat.} 43. Ke2 Nc2 {...Nd4+ would be deadly.} 44. Kd2 Kb6 45. Kxc2 Kxa6 {KP-KP} 46. Kc3 Kb6 (46... g5 $142 47. Kd4 Kb6 48. Ke4 Kc6 49. Kd4 Kd6 50. Ke4 Ke6 51. f4 gxf4 52. Kxf4 Kd5 53. Ke3 f6 54. Ke2 Ke4 55. Kf2 Kd3 56. Ke1 Kc3 57. Kd1 Kxb4 58. h4 Kb3 59. g5 fxg5 60. Ke2 c3 61. hxg5 c2 62. Kf3 c1=Q 63. Kg4 Qc6 64. Kg3 b4 65. Kf2 Kc3 66. Ke3 b3 67. Ke2 Qg2+ 68. Ke3 b2 69. Kf4 b1=Q 70. Ke5 Qg6 71. Kf4 Q6xg5#) 47. Kd4 Kc6 (47... g5 $142 48. Ke4 Kc6) 48. Ke4 {[#]} f5+ $1 {[%mdl 512] Black mates.} 49. gxf5 (49. Kd4 h5) 49... gxf5+ 50. Kd4 Kd6 51. f4 Ke6 52. h3 h6 53. h4 h5 54. Kc3 Kd5 55. Kc2 Ke4 {Never resign too early!   Weighted Error Value: White=0.59/Black=0.38} 0-1

[Event "Polish Youth G16 Championship 2023"]
[Site "Jastrzebia Gora"]
[Date "2023.03.14"]
[Round "4.6"]
[White "Kicinska, Magdalena"]
[Black "Seemann, Pola"]
[Result "1-0"]
[ECO "D02"]
[WhiteElo "1573"]
[BlackElo "1714"]
[Annotator "NA RC COMBH"]
[PlyCount "107"]
[EventDate "2023.03.11"]
[EventType "swiss"]
[EventCountry "POL"]
[SourceTitle "playchess.com"]
[Source "ChessBase"]
[SourceQuality "1"]
[TimeControl "40/5400+30:1800+30"]

1. d4 d5 2. Nf3 c5 3. c3 Nf6 4. Bg5 Ne4 5. Bh4 cxd4 6. Nxd4 Qb6 7. Qb3 Qxb3 8. Nxb3 g5 9. Bg3 Nc6 10. Nd4 Nxg3 11. hxg3 e5 12. Nxc6 bxc6 13. Nd2 Rb8 14. O-O-O Bg7 15. e3 O-O 16. Bd3 e4 17. Bc2 Be6 18. f3 f5 19. g4 exf3 20. Nxf3 h6 21. Nd4 Bxd4 22. exd4 Kg7 23. Rde1 Rf6 24. gxf5 Bxf5 25. Bxf5 Rxf5 26. Re7+ Kg6 27. Re6+ Rf6 28. Rxh6+ Kxh6 29. Rxf6+ Kh5 30. Rf2 Kh4 31. Kd1 Kg3 32. Ke1 g4 33. b3 Rh8 34. c4 Rh1+ 35. Ke2 Ra1 36. Rf6 Rxa2+ 37. Kd3 dxc4+ 38. bxc4 Ra3+ 39. Ke4 Kxg2 40. Rxc6 Rf3 41. Rg6 g3 42. d5 Rf8 43. d6 a5 44. c5 a4 45. d7 Kf2 46. c6 a3 47. c7 a2 48. d8=Q Rxd8 49. cxd8=Q a1=Q 50. Qd2+ Kf1 51. Qf4+ Ke1 52. Qxg3+ Kd2 53. Qh2+ Kc3 54. Qe5+ 1-0

[Event "Polish Youth G16 Championship 2023"]
[Site "Jastrzebia Gora"]
[Date "2023.03.14"]
[Round "4.7"]
[White "Giemza, Julia"]
[Black "Salamon, Julia"]
[Result "1-0"]
[ECO "B40"]
[WhiteElo "1536"]
[BlackElo "1701"]
[Annotator "NA RC COMBH"]
[PlyCount "85"]
[EventDate "2023.03.11"]
[EventType "swiss"]
[EventCountry "POL"]
[SourceTitle "playchess.com"]
[Source "ChessBase"]
[SourceQuality "1"]
[TimeControl "40/5400+30:1800+30"]

1. e4 c5 2. Nf3 e6 3. d4 cxd4 4. Nxd4 Nf6 5. Nc3 Nc6 6. Ndb5 d6 7. Bf4 e5 8. Bg5 a6 9. Na3 Be7 10. Bxf6 gxf6 11. Nd5 Be6 12. c3 b5 13. Nc2 f5 14. exf5 Bxf5 15. a4 Rb8 16. Nce3 Be6 17. Qc2 Qc8 18. Bd3 h5 19. O-O h4 20. f4 exf4 21. Rxf4 Bg5 22. Rf2 Ne5 23. Bf5 Qc5 24. b4 Qa7 25. Re1 Qb7 26. Bxe6 fxe6 27. Nf6+ Bxf6 28. Rxf6 Ke7 29. Rf4 Rbg8 30. Qe2 Rh6 31. Ng4 Rhg6 32. h3 Qc6 33. Qf2 Qxc3 34. Qa7+ Kd8 35. Qb8+ Ke7 36. Qb7+ Ke8 37. Rd1 Rxg4 38. Qb8+ Kd7 39. Qxd6+ Kc8 40. Qxe6+ Kb7 41. Rf7+ Nxf7 42. Rd7+ Kc8 43. Rxf7+ 1-0

[Event "Polish Youth G16 Championship 2023"]
[Site "Jastrzebia Gora"]
[Date "2023.03.14"]
[Round "4.8"]
[White "Zapalowska, Wiktoria"]
[Black "Bandyk, Joanna"]
[Result "1-0"]
[ECO "B51"]
[WhiteElo "1639"]
[BlackElo "1459"]
[Annotator "NA RC COMBH"]
[PlyCount "97"]
[EventDate "2023.03.11"]
[EventType "swiss"]
[EventCountry "POL"]
[SourceTitle "playchess.com"]
[Source "ChessBase"]
[SourceQuality "1"]
[TimeControl "40/5400+30:1800+30"]

1. e4 c5 2. Nf3 d6 3. Bb5+ Nd7 4. O-O a6 5. Bd3 Ngf6 6. Re1 Qc7 7. a4 e6 8. b3 Be7 9. Bb2 O-O 10. Na3 b6 11. c3 Bb7 12. Bc2 Ne5 13. Rc1 d5 14. Nxe5 Qxe5 15. d4 Qh5 16. e5 Qxd1 17. Rcxd1 Nd7 18. Bb1 f6 19. f4 fxe5 20. fxe5 Bg5 21. Nc2 Rf7 22. Rf1 Raf8 23. Rxf7 Rxf7 24. Rf1 Nf8 25. Rxf7 Kxf7 26. Kf2 Ng6 27. g3 Bc6 28. Ne1 Be7 29. Ba3 cxd4 30. Bxg6+ hxg6 31. Bxe7 Kxe7 32. cxd4 Be8 33. Kf3 Kd7 34. Nd3 a5 35. h4 Ke7 36. Nf4 b5 37. axb5 Bxb5 38. Nxg6+ Kf7 39. Nf4 a4 40. bxa4 Bxa4 41. Kg4 Bc2 42. Kg5 Be4 43. g4 Bc2 44. h5 Bd1 45. Kh4 Bc2 46. g5 Bf5 47. g6+ Kg8 48. Kg5 Kh8 49. h6 1-0

[Event "Polish Youth G16 Championship 2023"]
[Site "Jastrzebia Gora"]
[Date "2023.03.14"]
[Round "4.9"]
[White "Pniewska, Beata"]
[Black "Lazniewska, Zofia"]
[Result "0-1"]
[ECO "A13"]
[WhiteElo "1448"]
[BlackElo "1621"]
[Annotator "NA RC COMBH"]
[PlyCount "72"]
[EventDate "2023.03.11"]
[EventType "swiss"]
[EventCountry "POL"]
[SourceTitle "playchess.com"]
[Source "ChessBase"]
[SourceQuality "1"]
[TimeControl "40/5400+30:1800+30"]

1. c4 e6 2. g3 d5 3. Nf3 Nf6 4. Bg2 Nbd7 5. d4 c6 6. O-O Bd6 7. Qc2 O-O 8. b3 Re8 9. Nc3 Qc7 10. e4 dxe4 11. Nxe4 Nxe4 12. Qxe4 Nf6 13. Qc2 Bd7 14. Bg5 Be7 15. Ne5 h6 16. Bf4 Nh5 17. Nxc6 Nxf4 18. Nxe7+ Rxe7 19. gxf4 Qxf4 20. Bxb7 Rb8 21. Qe4 Qg5+ 22. Kh1 Qf6 23. Rad1 e5 24. Bd5 Rbe8 25. Qf3 Qh4 26. Qg3 Qf6 27. dxe5 Rxe5 28. Rg1 Bf5 29. Qc3 Bg6 30. Rdf1 Kh7 31. f4 Rxd5 32. Qxf6 Be4+ 33. Rg2 Bxg2+ 34. Kxg2 Rd2+ 35. Rf2 Rxf2+ 36. Kxf2 gxf6 0-1

[Event "Polish Youth G16 Championship 2023"]
[Site "Jastrzebia Gora"]
[Date "2023.03.14"]
[Round "4.10"]
[White "Pastuszko, Katarzyna"]
[Black "Kulczycka, Zofia"]
[Result "0-1"]
[ECO "B59"]
[WhiteElo "1286"]
[BlackElo "1547"]
[Annotator "NA RC COMBH"]
[PlyCount "66"]
[EventDate "2023.03.11"]
[EventType "swiss"]
[EventCountry "POL"]
[SourceTitle "playchess.com"]
[Source "ChessBase"]
[SourceQuality "1"]
[TimeControl "40/5400+30:1800+30"]

1. e4 c5 2. Nf3 Nc6 3. d4 cxd4 4. Nxd4 Nf6 5. Nc3 d6 6. Be2 e5 7. Nb3 Be7 8. O-O O-O 9. Be3 Be6 10. h3 a5 11. a4 Nb4 12. Qd2 d5 13. exd5 Nfxd5 14. Nxd5 Nxd5 15. Bc5 Qc7 16. Bxe7 Nxe7 17. f4 Rfd8 18. Qe3 exf4 19. Qxf4 Qxc2 20. Nd4 Qc5 21. Rfd1 Nc6 22. Rac1 Nxd4 23. Rxd4 Qxd4+ 24. Qxd4 Rxd4 25. Bf3 Rc8 26. Re1 b6 27. Be4 g6 28. Re2 Rxa4 29. Kf2 Rb4 30. Bf3 Rbc4 31. Be4 Bf5 32. Bxf5 gxf5 33. Kf3 Rc2 0-1

[Event "Polish Youth G16 Championship 2023"]
[Site "Jastrzebia Gora"]
[Date "2023.03.14"]
[Round "4.12"]
[White "Romejko, Jagoda"]
[Black "Biniak, Zuzanna"]
[Result "1-0"]
[ECO "B75"]
[WhiteElo "1483"]
[BlackElo "1457"]
[Annotator "NA RC COMBH"]
[PlyCount "115"]
[EventDate "2023.03.11"]
[EventType "swiss"]
[EventCountry "POL"]
[SourceTitle "playchess.com"]
[Source "ChessBase"]
[SourceQuality "1"]
[TimeControl "40/5400+30:1800+30"]

1. e4 c5 2. Nf3 d6 3. d4 cxd4 4. Nxd4 Nf6 5. Nc3 g6 6. f3 Bg7 7. Be3 Nc6 8. Qd2 h5 9. O-O-O Bd7 10. h3 a6 11. Be2 h4 12. Kb1 b5 13. Nxc6 Bxc6 14. Nd5 Nxd5 15. exd5 Bb7 16. f4 Bc8 17. Bd4 O-O 18. Bxg7 Kxg7 19. Qd4+ f6 20. Bg4 Bxg4 21. hxg4 Rh8 22. Rde1 Qd7 23. g5 Qa7 24. Qd2 Rae8 25. Re6 Qc5 26. Qe1 Kf7 27. Qd2 Kg7 28. Rhe1 Kf7 29. Qe2 Qa7 30. gxf6 h3 31. gxh3 Rxh3 32. a3 Rhh8 33. Rxe7+ Rxe7 34. fxe7 Qd7 35. Qe4 Re8 36. Rg1 Qf5 37. Qxf5+ gxf5 38. Re1 Rxe7 39. Rxe7+ Kxe7 40. Kc1 Kd7 41. Kd2 Kc7 42. Kc3 Kb6 43. Kd4 Ka5 44. Kd3 Kb6 45. b4 a5 46. Ke3 axb4 47. axb4 Kc7 48. Kf3 Kd7 49. Kg3 Ke7 50. Kh4 Kf6 51. Kh5 Kf7 52. Kg5 Kg7 53. Kxf5 Kf7 54. c3 Ke7 55. Kg6 Kf8 56. Kf6 Ke8 57. Kg7 Ke7 58. f5 1-0

[Event "Polish Youth G16 Championship 2023"]
[Site "Jastrzebia Gora"]
[Date "2023.03.14"]
[Round "4.13"]
[White "Krzysztynska, Maria"]
[Black "Dura, Anna"]
[Result "1/2-1/2"]
[ECO "C02"]
[WhiteElo "1335"]
[BlackElo "1186"]
[Annotator "NA RC COMBH"]
[PlyCount "50"]
[EventDate "2023.03.11"]
[EventType "swiss"]
[EventCountry "POL"]
[SourceTitle "playchess.com"]
[Source "ChessBase"]
[SourceQuality "1"]
[TimeControl "40/5400+30:1800+30"]

1. e4 e6 2. d4 d5 3. e5 c5 4. c3 Nc6 5. Nf3 Qb6 6. a3 a5 7. b3 Bd7 8. Be3 Be7 9. Bd3 Rc8 10. Nbd2 Nh6 11. O-O Nf5 12. dxc5 Nxe3 13. cxb6 Nxd1 14. Rfxd1 Bc5 15. c4 Bxb6 16. Rab1 Bc7 17. Re1 O-O 18. b4 axb4 19. axb4 Ne7 20. Nd4 Nc6 21. N4f3 Ne7 22. Nd4 Nc6 23. N4f3 Ne7 24. Nd4 Nc6 25. N4f3 Ne7 1/2-1/2

[Event "Polish Youth G16 Championship 2023"]
[Site "Jastrzebia Gora"]
[Date "2023.03.14"]
[Round "4.14"]
[White "Sprzeczka, Emilia"]
[Black "Sliwicka, Weronika"]
[Result "1-0"]
[ECO "B22"]
[WhiteElo "1887"]
[BlackElo "1374"]
[Annotator "NA RC COMBH"]
[PlyCount "57"]
[EventDate "2023.03.11"]
[EventType "swiss"]
[EventCountry "POL"]
[SourceTitle "playchess.com"]
[Source "ChessBase"]
[SourceQuality "1"]
[TimeControl "40/5400+30:1800+30"]

1. e4 c5 2. c3 Nf6 3. e5 Nd5 4. Nf3 d6 5. Bc4 e6 6. d4 cxd4 7. cxd4 Nb6 8. Bb3 d5 9. O-O Be7 10. Nc3 Nc6 11. Bc2 f6 12. exf6 Bxf6 13. Qd3 Bd7 14. a3 Ne7 15. Bf4 Ng6 16. Bg3 a6 17. Rae1 Nc4 18. Nxd5 $18 Rc8 19. Qe2 O-O 20. Nxf6+ Qxf6 21. Bd3 b5 22. b3 Na5 23. Ne5 Nxe5 24. Bxe5 Qe7 25. Qh5 h6 26. Qg6 Qg5 27. Qh7+ Kf7 28. h4 Qg4 29. f3 1-0

[Event "Polish Youth G16 Championship 2023"]
[Site "Jastrzebia Gora"]
[Date "2023.03.14"]
[Round "4.15"]
[White "Predkiewicz, Paulina"]
[Black "Oborska, Magda"]
[Result "0-1"]
[ECO "C44"]
[WhiteElo "1402"]
[BlackElo "1613"]
[Annotator "NA RC COMBH"]
[PlyCount "130"]
[EventDate "2023.03.11"]
[EventType "swiss"]
[EventCountry "POL"]
[SourceTitle "playchess.com"]
[Source "ChessBase"]
[SourceQuality "1"]
[TimeControl "40/5400+30:1800+30"]

1. e4 e5 2. Nf3 Nc6 3. d4 exd4 4. Nxd4 Bb4+ 5. c3 Bc5 6. Be3 Bb6 7. Qg4 Qf6 8. Qg3 d6 9. Nb5 Kd8 10. Bg5 Bxf2+ 11. Qxf2 Qxg5 12. Nd2 Nf6 13. O-O-O Be6 14. Kc2 Ng4 15. Qe2 Ne3+ 16. Kb1 Nxd1 17. Qxd1 Ne5 18. h3 Qe3 19. Nd4 Qh6 20. Nxe6+ Qxe6 21. Nf3 Nd7 22. Qd4 Qg6 23. Rg1 Re8 24. Bd3 Nc5 25. Nd2 Qg3 26. Bc2 Ne6 27. Qd5 c6 28. Qf5 Qg6 29. Qf2 Qg5 30. Rd1 Qf4 31. Qg1 Kc7 32. Nc4 Ng5 33. Nxd6 Red8 34. Nb5+ Kc8 35. Rf1 Qe5 36. Nd4 f6 37. Rf5 Qe7 38. Qe3 Re8 39. e5 g6 40. Rf1 Qxe5 41. Qf2 f5 42. Rd1 Ne4 43. Qf1 Kc7 44. Qc4 Nd6 45. Qd3 Rad8 46. Qf3 Qe3 47. Qf1 Ne4 48. Bxe4 Qxe4+ 49. Ka1 a6 50. Rc1 Re7 51. Qc4 Qd5 52. Qf1 Rde8 53. a3 c5 54. Nf3 Re2 55. Rb1 Qe4 56. Qg1 Qe3 57. Qh1 h6 58. Qh2+ f4 59. h4 Qxf3 60. Qg1 Qe3 61. Qxe3 R8xe3 62. Ka2 Rxg2 63. Kb3 f3 64. Rf1 f2 65. h5 Re1 0-1

[Event "Polish Youth G16 Championship 2023"]
[Site "Jastrzebia Gora"]
[Date "2023.03.14"]
[Round "4.16"]
[White "Nieckarz, Maja"]
[Black "Ekner, Maria"]
[Result "1-0"]
[ECO "C45"]
[WhiteElo "1493"]
[BlackElo "1337"]
[Annotator "NA RC COMBH"]
[PlyCount "111"]
[EventDate "2023.03.11"]
[EventType "swiss"]
[EventCountry "POL"]
[SourceTitle "playchess.com"]
[Source "ChessBase"]
[SourceQuality "1"]
[TimeControl "40/5400+30:1800+30"]

1. e4 e5 2. Nf3 Nc6 3. d4 exd4 4. Nxd4 Bc5 5. Be3 Qf6 6. c3 Nge7 7. Bc4 O-O 8. O-O Bb6 9. Na3 d6 10. Qd2 h6 11. Ndb5 Qg6 12. Bxb6 Bh3 13. f3 cxb6 14. Kh1 a6 15. gxh3 axb5 16. Nxb5 Rad8 17. Nc7 Ne5 18. Bb3 Qh5 19. Qg2 N7g6 20. Nd5 b5 21. f4 Nd7 22. Rg1 Nc5 23. f5 Kh8 24. Nf4 Qg5 25. Nxg6+ fxg6 26. Qxg5 hxg5 27. fxg6 Nxe4 28. Bc2 d5 29. Bxe4 dxe4 30. Rxg5 Rde8 31. Rg2 e3 32. Re1 Rf3 33. Rg3 Rxg3 34. hxg3 Re6 35. Kg2 Rxg6 36. Rxe3 Rd6 37. Kf3 Rd2 38. Re2 Rd6 39. Re5 Rb6 40. a3 g6 41. h4 Kg7 42. Kf4 Kf6 43. g4 Kg7 44. Kg5 Kf7 45. Kh6 Kf6 46. Rg5 Kf7 47. Kh7 b4 48. axb4 Rc6 49. b5 Rd6 50. Rc5 Re6 51. Rc7+ Kf6 52. Rxb7 g5 53. hxg5+ Kxg5 54. b6 Rh6+ 55. Kg8 Rg6+ 56. Rg7 1-0

[Event "Polish Youth G16 Championship 2023"]
[Site "Jastrzebia Gora"]
[Date "2023.03.14"]
[Round "4.17"]
[White "Gajec, Roza"]
[Black "Pietryk, Joanna"]
[Result "1/2-1/2"]
[ECO "B13"]
[WhiteElo "1341"]
[BlackElo "1488"]
[Annotator "NA RC COMBH"]
[PlyCount "61"]
[EventDate "2023.03.11"]
[EventType "swiss"]
[EventCountry "POL"]
[SourceTitle "playchess.com"]
[Source "ChessBase"]
[SourceQuality "1"]
[TimeControl "40/5400+30:1800+30"]

1. e4 c6 2. d4 d5 3. exd5 cxd5 4. Bd3 Nc6 5. c3 Nf6 6. Bf4 Bg4 7. Qb3 Qc8 8. Nd2 e6 9. Ngf3 Be7 10. O-O O-O 11. h3 Bh5 12. Rfe1 a6 13. Ne5 Nxe5 14. Bxe5 Nd7 15. Bh2 Qc6 16. a4 Bg6 17. Bxg6 hxg6 18. Nf3 b5 19. Qc2 b4 20. Rac1 bxc3 21. bxc3 Nb6 22. a5 Nc4 23. Qa2 Bd6 24. Bxd6 Qxd6 25. Ne5 Nxe5 26. Rxe5 Rac8 27. Re2 Qc6 28. Rb2 Rb8 29. Rcb1 Qc7 30. Qa3 Rfc8 31. Rb6 1/2-1/2

[Event "Polish Youth G16 Championship 2023"]
[Site "Jastrzebia Gora"]
[Date "2023.03.14"]
[Round "4.18"]
[White "Niedorys, Karolina"]
[Black "Makarec, Anna"]
[Result "1/2-1/2"]
[ECO "C45"]
[WhiteElo "1458"]
[BlackElo "1271"]
[Annotator "NA RC COMBH"]
[PlyCount "106"]
[EventDate "2023.03.11"]
[EventType "swiss"]
[EventCountry "POL"]
[SourceTitle "playchess.com"]
[Source "ChessBase"]
[SourceQuality "1"]
[TimeControl "40/5400+30:1800+30"]

1. e4 e5 2. Nf3 Nc6 3. d4 exd4 4. Nxd4 Bc5 5. Nxc6 Qf6 6. Qf3 Qxf3 7. gxf3 bxc6 8. Bc4 Ne7 9. Nc3 d6 10. Ke2 Ng6 11. Be3 Bxe3 12. Kxe3 Ne5 13. Bb3 Be6 14. Ne2 a5 15. Nd4 Bd7 16. f4 Ng4+ 17. Kf3 O-O 18. Ba4 Nf6 19. Bxc6 Rab8 20. Bxd7 Nxd7 21. b3 Rfe8 22. Ne2 Nc5 23. Nc3 Rb4 24. Rhe1 Ne6 25. Ne2 g5 26. c3 Rb5 27. Nd4 Rc5 28. Nxe6 Rxe6 29. c4 Rf6 30. f5 Rh6 31. Kg3 Rh4 32. Rad1 a4 33. Rd5 Rc6 34. Ra5 axb3 35. axb3 Kg7 36. f3 Rb6 37. Re3 d5 38. f6+ Rxf6 39. Rxd5 Rh5 40. Re2 Rfh6 41. Rg2 Ra6 42. f4 Ra3 43. Rb5 h6 44. fxg5 hxg5 45. Rf2 f6 46. Rb7 Kg6 47. Rxc7 Rxb3+ 48. Kg2 Rh4 49. Re2 Rg4+ 50. Kf2 Rh3 51. Kf1 Rf3+ 52. Ke1 Rg1+ 53. Kd2 Ra1 1/2-1/2

[Event "Polish Youth G16 Championship 2023"]
[Site "Jastrzebia Gora"]
[Date "2023.03.14"]
[Round "4.19"]
[White "Nowak, Zuzanna"]
[Black "Kaczmarek, Paulina"]
[Result "1-0"]
[ECO "B50"]
[WhiteElo "1427"]
[BlackElo "1317"]
[Annotator "NA RC COMBH"]
[PlyCount "91"]
[EventDate "2023.03.11"]
[EventType "swiss"]
[EventCountry "POL"]
[SourceTitle "playchess.com"]
[Source "ChessBase"]
[SourceQuality "1"]
[TimeControl "40/5400+30:1800+30"]

1. e4 c5 2. Nf3 d6 3. c3 Nf6 4. e5 dxe5 5. Nxe5 Qc7 6. d4 e6 7. Be3 Bd6 8. f4 Nd5 9. Qf3 Nxe3 10. Qxe3 O-O 11. g3 cxd4 12. cxd4 f6 13. Nc4 Rd8 14. Nc3 Bb4 15. Bd3 f5 16. O-O Bxc3 17. bxc3 b5 18. Nd2 Qxc3 19. Rac1 Qxd4 20. Qxd4 Rxd4 21. Rxc8+ Kf7 22. Rf3 a6 23. Nb3 Rd7 24. Bf1 Rb7 25. Nc5 Rb6 26. Rc7+ Kf6 27. Rd3 Rc6 28. Rxc6 Nxc6 29. Rd6 Nd8 30. Rxa6 Rxa6 31. Nxa6 g5 32. Bxb5 e5 33. fxe5+ Kxe5 34. Nb4 Ne6 35. a4 Kd6 36. Kf2 Nd4 37. Bd3 h6 38. Ke3 Ke5 39. a5 f4+ 40. gxf4+ gxf4+ 41. Kf2 Kd6 42. a6 Ne6 43. a7 Nc7 44. Be4 Ke5 45. Bf3 Kd4 46. Na6 1-0

[Event "Polish Youth G16 Championship 2023"]
[Site "Jastrzebia Gora"]
[Date "2023.03.14"]
[Round "4.20"]
[White "Michalska, Anna-Maria"]
[Black "Butkiewicz, Hanna"]
[Result "1-0"]
[ECO "A22"]
[WhiteElo "1417"]
[BlackElo "1120"]
[Annotator "NA RC COMBH"]
[PlyCount "139"]
[EventDate "2023.03.11"]
[EventType "swiss"]
[EventCountry "POL"]
[SourceTitle "playchess.com"]
[Source "ChessBase"]
[SourceQuality "1"]
[TimeControl "40/5400+30:1800+30"]

1. c4 e5 2. Nc3 Nf6 3. g3 d5 4. cxd5 Nxd5 5. Bg2 Be6 6. Qb3 Nxc3 7. Qxc3 c6 8. Qxe5 Nd7 9. Qc3 Nf6 10. d3 Qb6 11. a3 Nd5 12. Bxd5 cxd5 13. Be3 Qb5 14. Nf3 Rc8 15. Qd2 Qa4 16. Rc1 Rxc1+ 17. Qxc1 Be7 18. O-O O-O 19. Qd2 Bf6 20. Bg5 Bxg5 21. Nxg5 Bd7 22. Rc1 h6 23. Nf3 Re8 24. d4 Bb5 25. e3 Qa6 26. Kg2 Bd3 27. Ne1 Bf1+ 28. Kg1 Bh3 29. Ng2 Bf5 30. Nh4 Bh3 31. f3 Qf6 32. Qf2 Bd7 33. Ng2 Qb6 34. Nf4 Bc6 35. h4 Qb3 36. Rc3 Qa2 37. Kg2 Qb1 38. Nd3 Bb5 39. Qd2 a5 40. Nf4 Qf1+ 41. Kh2 Qxf3 42. Qg2 Qxg2+ 43. Kxg2 Bc6 44. Kf2 g5 45. hxg5 hxg5 46. Nd3 Re6 47. Ne5 Rf6+ 48. Kg2 Re6 49. Kf3 f6 50. Nxc6 bxc6 51. Rc5 g4+ 52. Kf2 Kf8 53. Rxa5 Ke8 54. Ra7 f5 55. Rh7 Kf8 56. b4 Kg8 57. Rh5 Rf6 58. Ke2 Kg7 59. Kd3 Rf8 60. Rh1 Ra8 61. Ra1 Rh8 62. a4 Ra8 63. a5 Kf7 64. Rh1 Kg7 65. Rc1 Ra6 66. Kc3 Kf7 67. Kb3 Ke7 68. Rh1 Ra8 69. Rh6 Rc8 70. Ka4 1-0

[Event "Polish Youth G16 Championship 2023"]
[Site "Jastrzebia Gora"]
[Date "2023.03.14"]
[Round "4.21"]
[White "Zgoda, Aleksandra"]
[Black "Danek, Wiktoria"]
[Result "1-0"]
[ECO "D00"]
[WhiteElo "1308"]
[BlackElo "1161"]
[Annotator "NA RC COMBH"]
[PlyCount "81"]
[EventDate "2023.03.11"]
[EventType "swiss"]
[EventCountry "POL"]
[SourceTitle "playchess.com"]
[Source "ChessBase"]
[SourceQuality "1"]
[TimeControl "40/5400+30:1800+30"]

1. d4 d5 2. Bf4 Bf5 3. e3 e6 4. Nf3 Nf6 5. c4 c6 6. Qb3 Qb6 7. c5 Qxb3 8. axb3 Nbd7 9. h3 Be7 10. Nbd2 O-O 11. b4 Ne4 12. Nb3 Bd8 13. Be2 Re8 14. b5 f6 15. Nh4 Bg6 16. Nxg6 hxg6 17. b6 Nxb6 18. cxb6 Bxb6 19. O-O g5 20. Bh2 f5 21. Be5 Rf8 22. f3 Nf6 23. Nc5 Bxc5 24. dxc5 Nd7 25. Bd6 Rf6 26. f4 gxf4 27. exf4 a6 28. Ra3 b6 29. cxb6 Nxb6 30. Rxa6 Rxa6 31. Bxa6 Na4 32. b3 Nc3 33. Rc1 Ne4 34. Be5 Rf7 35. Rxc6 Re7 36. b4 Re8 37. b5 Nf6 38. b6 Nd7 39. b7 Kh7 40. Rc7 Nxe5 41. fxe5 1-0

[Event "Polish Youth G16 Championship 2023"]
[Site "Jastrzebia Gora"]
[Date "2023.03.14"]
[Round "4.22"]
[White "Idzior, Izabela"]
[Black "Domeradzka, Karolina"]
[Result "0-1"]
[ECO "B35"]
[WhiteElo "1287"]
[BlackElo "1194"]
[Annotator "NA RC COMBH"]
[PlyCount "80"]
[EventDate "2023.03.11"]
[EventType "swiss"]
[EventCountry "POL"]
[SourceTitle "playchess.com"]
[Source "ChessBase"]
[SourceQuality "1"]
[TimeControl "40/5400+30:1800+30"]

1. e4 c5 2. Nf3 g6 3. d4 cxd4 4. Nxd4 Nc6 5. Nc3 Bg7 6. Be3 Nf6 7. Bc4 O-O 8. f3 Qb6 9. Ncb5 a6 10. Nf5 Qd8 11. Nh6+ Bxh6 12. Bxh6 axb5 13. Bxf8 bxc4 14. Bh6 d5 15. exd5 Nxd5 16. c3 Be6 17. Qe2 b5 18. h4 Qc7 19. Qd2 Ne5 20. Qd4 Nd3+ 21. Kd2 Qe5 22. Qxe5 Nxe5 23. h5 Nd3 24. hxg6 fxg6 25. b3 Ra3 26. bxc4 bxc4 27. Rhb1 Kf7 28. Rb8 Bd7 29. Rf8+ Ke6 30. Bg7 h5 31. Bd4 Kd6 32. Rg8 Bf5 33. Rd8+ Kc6 34. Rg8 e5 35. g4 exd4 36. gxf5 dxc3+ 37. Ke2 gxf5 38. Rc8+ Kb5 39. Rb1+ N5b4 40. Rb8+ Kc5 0-1

[Event "Polish Youth G16 Championship 2023"]
[Site "Jastrzebia Gora"]
[Date "2023.03.14"]
[Round "4.23"]
[White "Racis, Dominika"]
[Black "Lach, Alicja"]
[Result "1-0"]
[ECO "A56"]
[WhiteElo "1201"]
[BlackElo "1231"]
[Annotator "NA COMBH"]
[PlyCount "67"]
[EventDate "2023.03.11"]
[EventType "swiss"]
[EventCountry "POL"]
[SourceTitle "playchess.com"]
[Source "ChessBase"]
[SourceQuality "1"]
[TimeControl "40/5400+30:1800+30"]

1. d4 Nf6 2. c4 c5 3. Nf3 b5 4. e3 bxc4 5. Bxc4 d5 6. Bb5+ Bd7 7. Bxd7+ Qxd7 8. Ne5 Qc7 9. Nc3 e6 10. Qa4+ Nbd7 11. Nb5 Qb8 12. Nc6 Qb7 13. Qa6 Rb8 14. Nxb8 Qxb8 15. dxc5 Bxc5 16. Bd2 Ne4 17. Rc1 O-O 18. Ba5 Bb6 19. Bxb6 axb6 20. O-O Ndc5 21. Qa3 Nd2 22. Rfd1 Nc4 23. Qb4 Qe5 24. Nd4 Qc7 25. b3 Ne5 26. Nb5 Qd7 27. Rc3 Ned3 28. Rcxd3 Nxd3 29. Rxd3 Rc8 30. Rc3 h6 31. Rxc8+ Qxc8 32. Qc3 Qd7 33. a4 f6 34. Qc2 1-0